| TOP OF THE 1ST |
|
Washington (APP) Nationals batting - Pitching for Johnson City Cardinals : LHP Hylnur Albertsson
|
|
Pitching: LHP Hylnur Albertsson
|
|
|
Batting: RHB Justin Van Houten
|
0-0: Ball 1-0: Ball 2-0: Ball 3-0: Called Strike 3-1: Base on Balls
|
|
Batting: RHB Leo Gutierrez
|
0-0: Ball Justin Van Houten steals 2nd base 1-0: Foul Ball, location: 2F 1-1: Foul Ball, location: 2F 1-2: Foul Ball, location: 2F 1-2: Ball 2-2: Foul Ball, location: 2F 2-2: Foul Ball, location: 2F 2-2: Strikes out swinging
|
|
Batting: RHB Antonio Laurel
|
0-0: Swinging Strike 0-1: Ball 1-1: Fly out, F8 (Flyball, 8RM, EV 89.4 MPH)
|
|
Batting: RHB Antonio Vallez
|
0-0: 2-RUN HOME RUN (Flyball, 9LD, EV 93.8 MPH), Distance : 329 ft
|
|
Batting: RHB Justin Davenport
|
0-0: Ball 1-0: Ball 2-0: Ground out 6-3 (Groundball, 6, EV 86.2 MPH)
|
| Top of the 1st over - 2 runs, 1 hit, 0 errors, 0 left on base; Washington (APP) 2 - Johnson City 0 |
| BOTTOM OF THE 1ST |
|
Johnson City Cardinals batting - Pitching for Washington (APP) Nationals : RHP Danny Clarke
|
|
Pitching: RHP Danny Clarke
|
|
|
Batting: RHB Robby Hickman
|
0-0: Called Strike 0-1: Ball 1-1: Ball 2-1: SOLO HOME RUN (Flyball, 7LD, EV 96.2 MPH), Distance : 364 ft
|
|
Batting: SHB Justin Towry
|
0-0: Ball 1-0: Ball 2-0: Fly out, F7 (Line Drive, 7LS, EV 96.9 MPH)
|
|
Batting: RHB Kyle Burns
|
0-0: Called Strike 0-1: Swinging Strike 0-2: Foul Ball, location: 2F 0-2: SINGLE (Flyball, 5D, EV 93.1 MPH)
|
|
Batting: SHB Justin Houser
|
0-0: Called Strike 0-1: Called Strike 0-2: Strikes out swinging
|
|
Batting: LHB Billy Lang
|
0-0: Called Strike 0-1: Called Strike 0-2: Ball Passed Ball! Kyle Burns to second 1-2: Strikes out swinging
|
| Bottom of the 1st over - 1 run, 2 hits, 0 errors, 1 left on base; Washington (APP) 2 - Johnson City 1 |
| TOP OF THE 2ND |
|
Washington (APP) Nationals batting - Pitching for Johnson City Cardinals : LHP Hylnur Albertsson
|
|
Batting: RHB Tylor Cyr
|
0-0: Ball 1-0: Ball 2-0: Called Strike 2-1: Ball 3-1: Base on Balls
|
|
Batting: RHB Jessie Fisher
|
0-0: Ball 1-0: Ball 2-0: Ball 3-0: Base on Balls Tylor Cyr to second
|
|
Batting: RHB Jelexiz Cuenca
|
0-0: Called Strike 0-1: Swinging Strike 0-2: Strikes out swinging
|
|
Batting: LHB Chance McWilliams
|
0-0: Called Strike 0-1: Foul Ball, location: 2F 0-2: Fly out, F7 (Flyball, 7D, EV 98.1 MPH) Runner from 2nd tags up, SAFE at 3rd, no throw by LF
|
|
Batting: RHB Justin Van Houten
|
0-0: Ball 1-0: Ball 2-0: Ball 3-0: Called Strike 3-1: Swinging Strike 3-2: Base on Balls Jessie Fisher to second
|
|
Batting: RHB Leo Gutierrez
|
0-0: Ball 1-0: Ball 2-0: Ball 3-0: Called Strike 3-1: Base on Balls Tylor Cyr scores Jessie Fisher to third Justin Van Houten to second
|
|
Batting: RHB Antonio Laurel
|
0-0: Ground out 4-3 (Groundball, 4S, EV 91.2 MPH)
|
| Top of the 2nd over - 1 run, 0 hits, 0 errors, 3 left on base; Washington (APP) 3 - Johnson City 1 |
| BOTTOM OF THE 2ND |
|
Johnson City Cardinals batting - Pitching for Washington (APP) Nationals : RHP Danny Clarke
|
|
Batting: RHB Adam Hudson
|
0-0: Ball 1-0: Called Strike 1-1: Foul Ball, location: 2F 1-2: Ball 2-2: Foul Ball, location: 2F 2-2: Foul Ball, location: 2F 2-2: Strikes out swinging
|
|
Batting: RHB Geoff Musico
|
0-0: Ball 1-0: Called Strike 1-1: Foul Ball, location: 2F 1-2: Ball 2-2: Foul Ball, location: 2F 2-2: Foul Ball, location: 2F 2-2: Fly out, F9 (Flyball, 9, EV 73.8 MPH)
|
|
Batting: RHB Edgar Klockow
|
0-0: Called Strike 0-1: Ball 1-1: SINGLE (Flyball, 56D, EV 81.9 MPH)
|
|
Batting: RHB David Lopez
|
0-0: Called Strike 0-1: Ground out 4-3 (Groundball, 34, EV 88.1 MPH)
|
| Bottom of the 2nd over - 0 runs, 1 hit, 0 errors, 1 left on base; Washington (APP) 3 - Johnson City 1 |
| TOP OF THE 3RD |
|
Washington (APP) Nationals batting - Pitching for Johnson City Cardinals : LHP Hylnur Albertsson
|
|
Batting: RHB Antonio Vallez
|
0-0: Ball 1-0: Ball 2-0: Called Strike 2-1: Foul Ball, location: 2F 2-2: TRIPLE (Flyball, 78XD, EV 99.4 MPH)
|
|
Batting: RHB Justin Davenport
|
0-0: Ball 1-0: DOUBLE (Flyball, 78D, EV 113.8 MPH) Antonio Vallez scores
|
|
Pinch Runner at 2nd Elias Posada:
|
|
|
Batting: RHB Tylor Cyr
|
0-0: SINGLE (Line Drive, 8RS, EV 105.0 MPH) Elias Posada to third
|
|
Batting: RHB Jessie Fisher
|
0-0: Fly out, F6 (Popup, 6, EV 71.9 MPH)
|
|
Batting: RHB Jelexiz Cuenca
|
0-0: Ball 1-0: Ball 2-0: Ball 3-0: Foul Ball, location: 2F 3-1: Foul Ball, location: 2F 3-2: Foul Ball, location: 2F 3-2: Base on Balls Tylor Cyr to second
|
|
Batting: LHB Chance McWilliams
|
0-0: Ball 1-0: Foul Ball, location: 2F 1-1: Foul Ball, location: 2F 1-2: Foul Ball, location: 2F 1-2: Strikes out swinging
|
|
Batting: RHB Justin Van Houten
|
0-0: Fly out, F4 (Popup, 34, EV 62.5 MPH)
|
| Top of the 3rd over - 1 run, 3 hits, 0 errors, 3 left on base; Washington (APP) 4 - Johnson City 1 |
| BOTTOM OF THE 3RD |
|
Johnson City Cardinals batting - Pitching for Washington (APP) Nationals : RHP Danny Clarke
|
|
Batting: RHB Robby Hickman
|
0-0: Foul Ball, location: 2F 0-1: Ground out 6-3 (Groundball, 6, EV 87.5 MPH)
|
|
Batting: SHB Justin Towry
|
0-0: Ball 1-0: Called Strike 1-1: Ball 2-1: Swinging Strike 2-2: Fly out, F8 (Flyball, 8LD, EV 97.5 MPH)
|
|
Batting: RHB Kyle Burns
|
0-0: Fly out, F4 (Line Drive, 4, EV 70.6 MPH)
|
| Bottom of the 3rd over - 0 runs, 0 hits, 0 errors, 0 left on base; Washington (APP) 4 - Johnson City 1 |
| TOP OF THE 4TH |
|
Washington (APP) Nationals batting - Pitching for Johnson City Cardinals : LHP Hylnur Albertsson
|
|
Batting: RHB Leo Gutierrez
|
0-0: Ball 1-0: Fly out, F4 (Popup, 34, EV 56.9 MPH)
|
|
Batting: RHB Antonio Laurel
|
0-0: Swinging Strike 0-1: Ball 1-1: Ball 2-1: Ball 3-1: Foul Ball, location: 2F 3-2: Strikes out looking
|
|
Batting: RHB Antonio Vallez
|
0-0: Ball 1-0: Ball 2-0: Ground out 6-3 (Groundball, 6, EV 90.6 MPH)
|
| Top of the 4th over - 0 runs, 0 hits, 0 errors, 0 left on base; Washington (APP) 4 - Johnson City 1 |
| BOTTOM OF THE 4TH |
|
Johnson City Cardinals batting - Pitching for Washington (APP) Nationals : RHP Danny Clarke
|
|
Batting: SHB Justin Houser
|
0-0: Ball 1-0: Ball 2-0: Called Strike 2-1: Called Strike 2-2: Ball 3-2: Foul Ball, location: 2F 3-2: Strikes out swinging
|
|
Batting: LHB Billy Lang
|
0-0: Swinging Strike 0-1: Called Strike 0-2: Ball 1-2: Foul Ball, location: 2F 1-2: Foul Ball, location: 2F 1-2: Strikes out swinging
|
|
Batting: RHB Adam Hudson
|
0-0: Ball 1-0: Ball 2-0: Ball 3-0: Called Strike 3-1: Base on Balls
|
|
Batting: RHB Geoff Musico
|
0-0: Ball 1-0: Ball Wild Pitch! Adam Hudson to second 2-0: Called Strike 2-1: Ball 3-1: Foul Ball, location: 2F 3-2: SINGLE (Line Drive, 56, EV 94.4 MPH) Adam Hudson to third
|
|
Batting: RHB Edgar Klockow
|
0-0: 3-RUN HOME RUN (Flyball, 78XD, EV 101.2 MPH), Distance : 409 ft
|
|
Batting: RHB David Lopez
|
0-0: Called Strike 0-1: Swinging Strike 0-2: Ground out 4-3 (Groundball, 34, EV 78.8 MPH)
|
| Bottom of the 4th over - 3 runs, 2 hits, 0 errors, 0 left on base; Washington (APP) 4 - Johnson City 4 |
| TOP OF THE 5TH |
|
Washington (APP) Nationals batting - Pitching for Johnson City Cardinals : LHP Hylnur Albertsson
|
|
Pitching: RHP Steve Holmes
|
|
|
Batting: LHB Elias Posada
|
0-0: Ground out U3 (Groundball, 34, EV 78.8 MPH)
|
|
Batting: RHB Tylor Cyr
|
0-0: Ground out 6-3 (Groundball, 6, EV 90.0 MPH)
|
|
Batting: RHB Jessie Fisher
|
0-0: Ball 1-0: Ball 2-0: Foul Ball, location: 2F 2-1: Foul Ball, location: 2F 2-2: Ball 3-2: Strikes out swinging
|
| Top of the 5th over - 0 runs, 0 hits, 0 errors, 0 left on base; Washington (APP) 4 - Johnson City 4 |
| BOTTOM OF THE 5TH |
|
Johnson City Cardinals batting - Pitching for Washington (APP) Nationals : RHP Danny Clarke
|
|
Batting: RHB Robby Hickman
|
0-0: Ball 1-0: Ball 2-0: Ball 3-0: Base on Balls
|
|
Pitching: RHP Manny Mendoza
|
|
|
Batting: SHB Justin Towry
|
0-0: Ball 1-0: 2-RUN HOME RUN (Flyball, 9LD, EV 90.0 MPH), Distance : 342 ft
|
|
Batting: RHB Kyle Burns
|
0-0: Ball 1-0: Ground out 1-3 (Groundball, 34S, EV 67.5 MPH)
|
|
Batting: SHB Justin Houser
|
0-0: Ball 1-0: Called Strike 1-1: Swinging Strike 1-2: Strikes out swinging
|
|
Batting: LHB Billy Lang
|
0-0: Swinging Strike 0-1: Ball 1-1: Swinging Strike 1-2: Ball 2-2: Foul Ball, location: 2F 2-2: Strikes out looking
|
| Bottom of the 5th over - 2 runs, 1 hit, 0 errors, 0 left on base; Washington (APP) 4 - Johnson City 6 |
| BOTTOM OF THE 6TH |
|
Johnson City Cardinals batting - Pitching for Washington (APP) Nationals : RHP Manny Mendoza
|
|
Batting: RHB Adam Hudson
|
0-0: Foul Ball, location: 2F 0-1: Fly out, F6 (Popup, 6, EV 48.8 MPH)
|
|
Batting: RHB Geoff Musico
|
0-0: Called Strike 0-1: Ground out 4-3 (Groundball, 4, EV 103.1 MPH)
|
|
Batting: RHB Edgar Klockow
|
0-0: Called Strike 0-1: Reached on error, E5 (Groundball, 56, EV 83.8 MPH)
|
|
Batting: RHB David Lopez
|
0-0: Called Strike 0-1: Foul Ball, location: 2F 0-2: Foul Ball, location: 2F 0-2: Strikes out swinging
|
| Bottom of the 6th over - 0 runs, 0 hits, 1 error, 1 left on base; Washington (APP) 4 - Johnson City 6 |
| TOP OF THE 7TH |
|
Washington (APP) Nationals batting - Pitching for Johnson City Cardinals : LHP Heriberto Flores
|
|
Batting: LHB Elias Posada
|
0-0: Foul Ball, location: 2F 0-1: Ball 1-1: Foul Ball, location: 2F 1-2: Foul Ball, location: 2F 1-2: Foul Ball, location: 2F 1-2: Foul Ball, location: 2F 1-2: Ball 2-2: Ball 3-2: Ground out 6-3 (Groundball, 6, EV 101.9 MPH)
|
|
Batting: RHB Tylor Cyr
|
0-0: Ball 1-0: Called Strike 1-1: Foul Ball, location: 2F 1-2: Fly out, F8 (Flyball, 8LXD, EV 106.9 MPH)
|
|
Batting: RHB Jessie Fisher
|
0-0: Foul Ball, location: 2F 0-1: Ball 1-1: Swinging Strike 1-2: Strikes out looking
|
| Top of the 7th over - 0 runs, 0 hits, 0 errors, 0 left on base; Washington (APP) 4 - Johnson City 6 |
| BOTTOM OF THE 7TH |
|
Johnson City Cardinals batting - Pitching for Washington (APP) Nationals : RHP Manny Mendoza
|
|
Pitching: RHP Halewijn Bos
|
|
|
Batting: RHB Robby Hickman
|
0-0: Ball 1-0: Foul Ball, location: 2F 1-1: Foul Ball, location: 2F 1-2: Ball 2-2: Ball 3-2: SOLO HOME RUN (Flyball, 7D, EV 103.1 MPH), Distance : 392 ft
|
|
Batting: SHB Justin Towry
|
0-0: Ball 1-0: Called Strike 1-1: Ball 2-1: Foul Ball, location: 2F 2-2: Foul Ball, location: 2F 2-2: Ball 3-2: Foul Ball, location: 2F 3-2: Foul Ball, location: 2F 3-2: Strikes out swinging
|
|
Batting: RHB Kyle Burns
|
0-0: Ball 1-0: Foul Ball, location: 2F 1-1: Called Strike 1-2: Ball 2-2: Fly out, F8 (Line Drive, 8RM, EV 100.6 MPH)
|
|
Batting: SHB Justin Houser
|
0-0: Ball 1-0: Ball 2-0: Called Strike 2-1: Ball 3-1: Base on Balls
|
|
Batting: LHB Billy Lang
|
0-0: Ball 1-0: Foul Ball, location: 2F 1-1: Ball 2-1: Swinging Strike 2-2: Ball 3-2: Base on Balls Justin Houser to second
|
|
Pitching: RHP Cheng-ho Tai
|
|
|
Batting: RHB Adam Hudson
|
0-0: Called Strike 0-1: Ball 1-1: Ball 2-1: Foul Ball, location: 2F 2-2: 3-RUN HOME RUN (Line Drive, 7D, EV 101.2 MPH), Distance : 405 ft
|
|
Batting: RHB Geoff Musico
|
0-0: Ball 1-0: Ball 2-0: Called Strike 2-1: Called Strike 2-2: Fly out, F9 (Line Drive, 9D, EV 90.0 MPH)
|
| Bottom of the 7th over - 4 runs, 2 hits, 0 errors, 0 left on base; Washington (APP) 4 - Johnson City 10 |
| TOP OF THE 8TH |
|
Washington (APP) Nationals batting - Pitching for Johnson City Cardinals : LHP Heriberto Flores
|
|
Batting: RHB Jelexiz Cuenca
|
0-0: Called Strike 0-1: Ball 1-1: Ball 2-1: Called Strike 2-2: Ball 3-2: Base on Balls
|
|
Pitching: RHP Daniel Boulter
|
|
|
Batting: LHB Chance McWilliams
|
0-0: Ball 1-0: Called Strike 1-1: Swinging Strike 1-2: Ball 2-2: Ball 3-2: Base on Balls Jelexiz Cuenca to second
|
|
Pinch Hitting: LHB Vince McLane
|
0-0: Called Strike 0-1: Fielders Choice at 2nd, 6-4 (Groundball, 6MD, EV 88.8 MPH) Jelexiz Cuenca to third
|
|
Batting: RHB Leo Gutierrez
|
0-0: Ball 1-0: Called Strike 1-1: Called Strike 1-2: SINGLE (Flyball, 89S, EV 94.4 MPH) Jelexiz Cuenca scores Vince McLane to second Runner from 2nd tries for 3rd, SAFE, throw by RF made to third
|
|
Batting: RHB Antonio Laurel
|
0-0: Ball 1-0: Called Strike 1-1: Swinging Strike 1-2: Foul Ball, location: 2F 1-2: SINGLE (Line Drive, 6D, EV 95.0 MPH) Vince McLane scores Leo Gutierrez to second Runner from 2nd tries for 3rd, SAFE, no throw by CF
|
|
Batting: RHB Antonio Vallez
|
0-0: Ball 1-0: Fly out, F8 (Flyball, 8LD, EV 99.4 MPH) Runner from 3rd tags up, SCORES, throw by CF
|
|
Batting: LHB Elias Posada
|
0-0: Called Strike 0-1: Called Strike 0-2: Ball 1-2: Fly out, F7 (Flyball, 78XD, EV 84.4 MPH)
|
| Top of the 8th over - 3 runs, 2 hits, 0 errors, 1 left on base; Washington (APP) 7 - Johnson City 10 |
| BOTTOM OF THE 8TH |
|
Johnson City Cardinals batting - Pitching for Washington (APP) Nationals : RHP Cheng-ho Tai
|
|
Now at 2B: Jason Ewert
|
|
|
Batting: RHB Edgar Klockow
|
0-0: Ball 1-0: Ball 2-0: Called Strike 2-1: Called Strike 2-2: Foul Ball, location: 2F 2-2: Foul Ball, location: 2F 2-2: Foul Ball, location: 2F 2-2: Strikes out swinging
|
|
Batting: RHB David Lopez
|
0-0: Called Strike 0-1: Foul Ball, location: 2F 0-2: Ground out 6-3 (Groundball, 4MD, EV 97.5 MPH)
|
|
Batting: RHB Robby Hickman
|
0-0: Ball 1-0: Ball 2-0: Ball 3-0: Foul Ball, location: 2F 3-1: Base on Balls
|
|
Batting: SHB Justin Towry
|
0-0: Ball 1-0: Ground out 4-3 (Groundball, 4, EV 78.1 MPH)
|
| Bottom of the 8th over - 0 runs, 0 hits, 0 errors, 1 left on base; Washington (APP) 7 - Johnson City 10 |
| TOP OF THE 9TH |
|
Washington (APP) Nationals batting - Pitching for Johnson City Cardinals : RHP Daniel Boulter
|
|
Pitching: LHP Craig Soole
|
|
|
Batting: RHB Tylor Cyr
|
0-0: Ball 1-0: Swinging Strike 1-1: Called Strike 1-2: Strikes out swinging
|
|
Batting: RHB Jessie Fisher
|
0-0: Called Strike 0-1: Called Strike 0-2: Ball 1-2: Ball 2-2: Foul Ball, location: 2F 2-2: Strikes out swinging
|
|
Batting: RHB Jelexiz Cuenca
|
0-0: Called Strike 0-1: SOLO HOME RUN (Flyball, 78XD, EV 101.9 MPH), Distance : 407 ft
|
|
Batting: LHB Chance McWilliams
|
0-0: Called Strike 0-1: Ground out U3 (Groundball, 3L, EV 104.4 MPH)
|
| Top of the 9th over - 1 run, 1 hit, 0 errors, 0 left on base; Washington (APP) 8 - Johnson City 10 |
|